[Event "SixDays GM March 2024"]
[Site "Budapest"]
[Date "2024.03.30"]
[Round "1.1"]
[White "Mihok, Oliver"]
[Black "Horvath, Adam"]
[Result "1/2-1/2"]
[ECO "B41"]
[WhiteElo "2549"]
[BlackElo "2440"]
[Annotator "TA"]
[PlyCount "61"]
[EventDate "2024.03.26"]
[EventType "tourn"]
[EventCountry "HUN"]
[SourceTitle "playchess.com"]
[Source "ChessBase"]
[SourceQuality "1"]
[TimeControl "5400+30"]

1. e4 c5 2. Nf3 e6 3. d4 cxd4 4. Nxd4 a6 5. c4 Nf6 6. Nc3 Qc7 7. a3 b6 8. f4 Bb7 9. Bd3 d6 10. O-O {[%emt 0:02:12] White is slightly better.} g6 (10... Nbd7 $14) 11. Be3 {[%emt 0:08:06] White is more active.} (11. f5 $1 $16 gxf5 12. Bg5 (12. exf5 Rg8 $11)) 11... Bg7 $14 12. Rc1 O-O 13. g4 Nbd7 14. g5 $1 Nh5 15. f5 (15. Be2 $5) 15... exf5 {[%emt 0:05:19] [#]} 16. Nxf5 Rae8 (16... Nc5 17. Nxg7) 17. Nd5 Qb8 18. Nxg7 (18. Nxb6 $2 Nxb6 19. Nxg7 Nxg7 $19) 18... Nxg7 19. Bd4 (19. Bxb6 $2 Bxd5 20. cxd5 Qxb6+ $19) 19... Ne6 20. Bc3 (20. Bxb6 $2 Bxd5 (20... Nxg5 21. Be3 $15) 21. Be3 Ba8 $19) (20. Bf6 $5) 20... Bxd5 21. exd5 Nxg5 22. Qg4 Qd8 {[%emt 0:02:32] ...Ne5 would now be deadly.} 23. h4 {[%emt 0:07:56][%cal Od3b1] Black must now prevent Bb1!} Ne5 $1 24. Qxg5 (24. Bxe5 $15 Rxe5 25. Rce1 (25. hxg5 $2 {perishes.} Rxg5 $19)) 24... Qxg5+ $17 ({Of course not} 24... Nxd3 $6 25. Bf6 Qc8 26. Qh6 Qg4+ 27. Kh1 Qh3+ 28. Kg1 Qg4+ 29. Kh1 Qe4+ (29... Qh3+ 30. Kg1 $11) 30. Kg1 Qe3+ (30... Qg4+ 31. Kh1 $11) 31. Qxe3 Rxe3 32. Rc3 Rg3+ 33. Kh2 $11) 25. hxg5 {[%emt 0:00:03] Hoping for Rcd1.} Nxd3 26. Rcd1 {[%emt 0:00:09] [#]} Nc5 27. b4 Ne4 28. Bf6 {[%emt 0:01:56] [#]} Rc8 $1 29. Rd4 Rfe8 30. Kg2 {[%emt 0:02:53] Dodges Ng3} b5 31. c5 {[%emt 0:00:32] Weighted Error Value: White=0.16 (very precise) /Black=0.07 (flawless) .  Mistake:       	White=2     	Black=1      Inaccurate:     	White=2     	Black=1      OK:         	White=7     	Black=12     Best:        	White=1     	Black=2      Strong:       	White=1     	Black=2      Brilliant:      	White=1     	---} 1/2-1/2

[Event "SixDays GM March 2024"]
[Site "Budapest"]
[Date "2024.03.30"]
[Round "1.2"]
[White "Grover, Sahaj"]
[Black "Juhasz, Agoston"]
[Result "0-1"]
[ECO "B12"]
[WhiteElo "2514"]
[BlackElo "2406"]
[Annotator "TA"]
[PlyCount "70"]
[EventDate "2024.03.26"]
[EventType "tourn"]
[EventCountry "HUN"]
[SourceTitle "playchess.com"]
[Source "ChessBase"]
[SourceQuality "1"]
[TimeControl "5400+30"]

1. e4 c6 2. d4 d5 3. e5 Bf5 4. Nd2 e6 5. Nb3 a6 6. Nf3 c5 7. Nxc5 Bxc5 8. dxc5 {[%emt 0:00:05] The position is equal.} Qa5+ 9. c3 Qxc5 10. Nd4 {[%emt 0:03:34] aiming for Be3.} Ne7 {[%emt 0:00:42] Black is weak on the dark squares} 11. h4 {[%emt 0:07:05] g4 is the strong threat.} h6 12. Nxf5 Nxf5 13. Bd3 (13. g4 $5 Ne7 $8 14. Be3 $11) 13... d4 14. O-O dxc3 15. Qb3 O-O 16. bxc3 {[%emt 0:00:51] Hoping for Ba3.} Rc8 {[%emt 0:05:24] [#]} (16... Re8 $11 {keeps the balance.}) 17. Bxf5 $1 $16 exf5 18. e6 ({Much weaker is} 18. Qxb7 $6 Nc6 $11) 18... Qe7 19. Re1 {[%emt 0:00:07] Strongly threatening Ba3.} Nc6 (19... Nd7 $1 $14) 20. Ba3 Qc7 21. Rad1 (21. e7 {with more complications.} b5 22. Qd5 Re8 23. Bd6) 21... Rd8 {[%emt 0:03:01] [#] Repels Rd7} 22. Bd6 $2 Rxd6 $17 23. exf7+ Kf8 $1 {[%emt 0:01:47] Threatens to win with ...Rxd1.} 24. Qa3 $2 {[%emt 0:00:12] White does not recover from this.} (24. Re8+ $17 Rxe8 25. fxe8=Q+ Kxe8 26. Qg8+ Kd7 27. Qxg7+ Kc8 28. Qf8+ Rd8 29. Qxf5+ Kb8 30. Rxd8+ Nxd8 31. Qf6) 24... Rad8 $1 $19 25. Re6 (25. Rxd6 {was called for.} Qxd6 26. Qb3) 25... Qa5 $1 {[%emt 0:02:38] Black is clearly winning.} 26. Qxd6+ Rxd6 27. Rexd6 Ne5 {[%emt 0:04:21] Prevents Rd7} 28. c4 Kxf7 29. R6d5 Qc3 ({Stronger than} 29... Qxa2 30. Rxe5 Qxc4 31. Rd7+ Kf6 32. Ree7 $11) 30. c5 h5 31. a4 Kg6 32. Rd6+ Kh7 33. R6d5 f4 {[%emt 0:01:26] And now ...f3 would win.} 34. a5 f3 35. g3 Kh6 {[%emt 0:00:32] Weighted Error Value: White=0.51/Black=0.14 (very precise) .  Loses game:     	White=1     	---        Mistake:       	White=2     	Black=2      OK:         	White=11    	Black=8      Best:        	White=2     	Black=2      Strong:       	White=1     	Black=3} 0-1

[Event "SixDays GM March 2024"]
[Site "Budapest"]
[Date "2024.03.30"]
[Round "1.3"]
[White "Orujov, Farid"]
[Black "Pribelszky, Bence"]
[Result "0-1"]
[ECO "B00"]
[WhiteElo "2266"]
[BlackElo "2354"]
[Annotator "RC"]
[PlyCount "102"]
[EventDate "2024.03.26"]
[EventType "tourn"]
[EventCountry "HUN"]
[SourceTitle "playchess.com"]
[Source "ChessBase"]
[SourceQuality "1"]
[TimeControl "5400+30"]

1. e4 Nc6 2. Nf3 d6 3. d4 Nf6 4. Nc3 Bg4 5. Be2 e5 6. d5 Ne7 7. Be3 Ng6 8. Qd2 Be7 9. O-O-O a6 10. h3 Bd7 11. g4 h6 12. Rdg1 Nh7 13. Bd1 Ng5 14. Ne1 Nh4 15. f3 Nh7 16. Ng2 Nf8 17. Nxh4 Bxh4 18. Ne2 Ng6 19. Ng3 Bg5 20. Kb1 Bxe3 21. Qxe3 Qg5 22. Qf2 Qh4 23. Qe3 Nf4 24. Ne2 Nxe2 25. Bxe2 Qg5 26. Qf2 Qf4 27. h4 g6 28. g5 h5 29. Bf1 O-O 30. Bh3 Bxh3 31. Rxh3 Kh7 32. Rh2 f5 33. gxf6 Rxf6 34. Rhg2 Raf8 35. Qa7 Qxf3 36. a3 Qxe4 37. Qxb7 Rf1+ 38. Ka2 Qc4+ 39. Qb3 Qxb3+ 40. Kxb3 Rxg1 41. Rxg1 Rf4 42. Rh1 g5 43. hxg5 Kg6 44. Rg1 h4 45. c4 h3 46. Kb4 h2 47. Rh1 Rf2 48. b3 e4 49. Kc3 e3 50. Kd3 e2 51. Ke3 Rf1 0-1

[Event "SixDays GM March 2024"]
[Site "Budapest"]
[Date "2024.03.30"]
[Round "1.4"]
[White "Kaasen, Tor Fredrik"]
[Black "Konyves, Almos"]
[Result "1-0"]
[ECO "C97"]
[WhiteElo "2449"]
[BlackElo "2306"]
[Annotator "TA"]
[PlyCount "117"]
[EventDate "2024.03.26"]
[EventType "tourn"]
[EventCountry "HUN"]
[SourceTitle "playchess.com"]
[Source "ChessBase"]
[SourceQuality "1"]
[TimeControl "5400+30"]

1. e4 e5 2. Nf3 Nc6 3. Bb5 a6 4. Ba4 Nf6 5. O-O Be7 6. Re1 b5 7. Bb3 d6 8. c3 O-O 9. h3 Na5 10. Bc2 c5 11. d4 Qc7 12. d5 Nc4 13. b3 {[%emt 0:00:54] C97: Closed Ruy Lopez: Chigorin Defence: 11 d4 Qc7, sidelines.} Nb6 14. Be3 a5 15. a4 bxa4 $146 ({Predecessor:} 15... b4 16. c4 Ne8 17. Nbd2 g6 18. g4 Ng7 19. Kh2 h5 20. Rg1 hxg4 21. hxg4 Nd7 22. Ng5 Qd8 23. Nh3 Nf6 24. Nf1 Nh7 25. Qd2 Bh4 26. f3 Ra7 27. Ng3 {½-½ Mekhane,A (2285)-Dhulipalla,B (2423) Avoine op 36th 2022 (7)}) 16. bxa4 Ba6 17. Nfd2 g6 18. Na3 Nh5 19. Rb1 Ng7 20. Nb5 Qd8 21. f4 Bf6 22. fxe5 Bxe5 23. Nf3 Bg3 24. Rf1 Nc4 25. Bh6 f6 26. Bd3 Ne5 27. Be2 ({Better is} 27. Nxe5 $16 Bxe5 28. Na3) 27... Nf7 $11 28. Bxg7 Kxg7 29. Na3 Bc8 30. Nc4 Re8 31. Bd3 Qe7 32. Qc2 Ne5 33. Nfxe5 Bxe5 34. Rb6 Rf8 35. Rfb1 Ra7 36. Rb8 Qc7 37. Qb3 Rf7 (37... Bg3 $11) 38. Qb6 (38. Nxe5 $16 fxe5 39. Kh2) 38... Qxb6 ({Black should try} 38... Bg3 $14) 39. R1xb6 $16 Bd7 40. Nxe5 (40. Nxd6 $6 Bxa4 41. Nxf7 Bxb8 42. Rxb8 Kxf7 $14) 40... dxe5 (40... fxe5 $16 {keeps fighting.} 41. Rxd6 Bxa4) 41. Bb5 $18 f5 42. Bxd7 (42. Kf2 $18 {is more deadly.}) 42... Rfxd7 (42... Raxd7 $16 43. Re8 fxe4) 43. Re8 (43. c4 $18) 43... fxe4 $16 44. Rxe5 e3 45. c4 (45. Rxe3 $6 Rxd5 46. Re4 Rg5 $16) 45... Re7 46. Rbe6 Rf7 (46... Rxe6 $16 {was called for.} 47. Rxe6 Rb7) 47. Rc6 Rab7 48. Rxe3 Rb4 49. Rxc5 Rxa4 50. Rd3 Ra1+ $2 (50... Ra2 51. Kh2 Rff2) 51. Kh2 $18 Ra2 52. d6 Rff2 53. Rg3 Rad2 54. Rc7+ (54. Rxa5 Rxd6 55. Ra7+ Kh6 $16) 54... Kh6 55. c5 a4 56. d7 ({Not} 56. Ra7 Rc2 $16) 56... a3 57. c6 ({And not} 57. Rxa3 Rxg2+ 58. Kh1 Rh2+ 59. Kg1 Rdg2+ 60. Kf1 Rb2 $11) 57... a2 58. Ra7 Rf6 59. Rxa2 1-0

[Event "SixDays GM March 2024"]
[Site "Budapest"]
[Date "2024.03.30"]
[Round "1.5"]
[White "Uskov, Artem"]
[Black "Mayank Chakraborty"]
[Result "0-1"]
[ECO "A22"]
[WhiteElo "2392"]
[BlackElo "2386"]
[Annotator "RC"]
[PlyCount "136"]
[EventDate "2024.03.26"]
[EventType "tourn"]
[EventCountry "HUN"]
[SourceTitle "playchess.com"]
[Source "ChessBase"]
[SourceQuality "1"]
[TimeControl "5400+30"]

1. c4 e5 2. Nc3 Nf6 3. g3 Bb4 4. Bg2 O-O 5. e4 d6 6. Nge2 Nc6 7. O-O a5 8. d3 h6 9. h3 Bc5 10. Kh2 Nd4 11. f4 c6 12. Be3 Nxe2 13. Qxe2 Nd7 14. f5 a4 15. Rad1 Bd4 16. Qf2 Qb6 17. Bxd4 Qxd4 18. Qd2 Kh7 19. g4 Qb6 20. h4 Rh8 21. g5 Kg8 22. Kg3 Kf8 23. Ne2 Qa5 24. Qc1 Ke8 25. d4 Kd8 26. c5 exd4 27. cxd6 Qe5+ 28. Qf4 c5 29. Ng1 Ra6 30. Nf3 Qxf4+ 31. Kxf4 Rxd6 32. e5 Rb6 33. Rd2 hxg5+ 34. Nxg5 Ke7 35. Nf3 Rbh6 36. Bh3 g5+ 37. Kxg5 Nxe5 38. Nxe5 f6+ 39. Kf4 Rxh4+ 40. Ng4 Rxh3 41. Re1+ Kd6 42. Nxf6 Rf8 43. Ne8+ Kc6 44. Ng7 Rf7 45. Ne6 Kd6 46. Kg4 Rh6 47. Kg5 Rxf5+ 48. Kxf5 Rxe6 49. Red1 a3 50. b3 b5 51. b4 Re1+ 52. Kf6 Rxd1 53. bxc5+ Kxc5 54. Rxd1 Bg4 55. Rc1+ Kd5 56. Kg5 Be2 57. Kf4 Bc4 58. Rb1 Kc5 59. Rc1 Kb4 60. Ke4 Bxa2 61. Kxd4 Bb3 62. Rg1 Bc2 63. Ra1 Bg6 64. Kd5 a2 65. Kc6 Bb1 66. Kb6 Ka4 67. Kc5 b4 68. Kc4 Ka3 0-1

[Event "SixDays GM March 2024"]
[Site "Budapest"]
[Date "2024.03.31"]
[Round "2.1"]
[White "Horvath, Adam"]
[Black "Mayank Chakraborty"]
[Result "1-0"]
[ECO "C77"]
[WhiteElo "2440"]
[BlackElo "2386"]
[Annotator "TA"]
[PlyCount "99"]
[EventDate "2024.03.26"]
[EventType "tourn"]
[EventCountry "HUN"]
[SourceTitle "playchess.com"]
[Source "ChessBase"]
[SourceQuality "1"]
[TimeControl "5400+30"]

1. e4 e5 2. Nf3 Nc6 3. Bb5 a6 4. Ba4 Nf6 5. Nc3 d6 6. Bxc6+ bxc6 7. d4 exd4 8. Nxd4 c5 9. Nc6 Qd7 10. Na5 Be7 {[%emt 0:11:50] White is slightly better.} 11. O-O O-O 12. Bf4 Rb8 13. b3 Re8 14. h3 {[%emt 0:11:42] Inhibits Ng4.} Bf8 15. Qf3 Re6 16. Rad1 Qe8 17. Rfe1 Rb4 18. Nc4 {[%emt 0:09:05] White is more active.} Bb7 19. a3 Rb5 20. Nxb5 (20. Nd2 $5) 20... axb5 21. Nd2 Nxe4 22. Nxe4 Bxe4 23. Qc3 Be7 24. f3 Bf6 25. Qd2 Bg6 26. c4 bxc4 27. bxc4 $40 {[%emt 0:00:04][%mdl 128] White is up to no good.} Bd4+ {[%emt 0:05:51] A strong pair of Bishops.} 28. Kh2 h6 29. Qa5 Qe7 (29... Qc6 $11 {deserves consideration.}) 30. Rxe6 fxe6 31. a4 $1 {[%emt 0:00:05] Threatens to win with Qa8+.} Kh7 (31... e5 $142 32. Bg3 h5) 32. Qd2 $16 {[%emt 0:00:47] Hoping for a5.} Qd7 33. Qa2 Qc6 34. a5 {[%emt 0:00:31] a6 is the strong threat.} Qa6 {[%emt 0:00:08] [#]} 35. Qa4 $1 {[%emt 0:00:23] Qb5 would now be deadly.} e5 36. Qb5 Qa8 {[%emt 0:01:07] [#]} (36... Qxb5 $16 37. cxb5 Be8 (37... exf4 $2 38. b6 $18)) 37. a6 $1 $18 {[%emt 0:00:04] And now Qb7 would win.} exf4 38. Re1 $2 (38. Qb7 $18 Qe8 39. a7 (39. Qxc7 $2 Qa4 $19)) 38... Bc3 $2 (38... Qd8 $1 $11) 39. Re2 Qd8 (39... Bf6 $142 40. Qb7 Qg8) 40. a7 Bd3 41. Qb8 (41. Qe8 $142 Qxe8 42. Rxe8 c6 43. a8=Q (43. a8=B Bxc4 44. Bxc6 Kg6 $15) 43... Bxc4 44. Rh8+ (44. Qxc6 Bd3 $18) 44... Kg6 45. Qe8+ (45. Qxc6 Ba2 46. Qxd6+ Bf6 47. Qd3+ Kf7 48. Qd7+ Kg6 49. Qe8+ Bf7 50. Qe4+ Kg5) 45... Bf7 46. Qe4+ (46. Qxc6 Kg5 47. Qd7 Bh5 48. h4+ Kxh4 49. Qf5 Be5 50. Rg8 c4) 46... Kf6 47. Qxf4+ (47. Qxc6 Ba1 $18) 47... Ke7 48. Qe3+ Be5+ 49. f4) 41... Qxb8 {[%emt 0:00:12] White is clearly winning.} 42. axb8=Q Bxe2 43. Qb1+ Kg8 44. Qe4 Bf1 45. Kg1 (45. Qxf4 $2 {is the wrong capture.} Be5 46. Kg1 Bxf4 $19) 45... Bxg2 46. Kxg2 Be5 47. Qf5 c6 48. Kf1 Kh8 49. Ke2 g5 50. Qg6 {[%emt 0:00:12] Weighted Error Value: White=0.12 (very precise) /Black=0.48.  Loses game:     	---       	Black=1      Missed win:     	White=1     	---        Mistake:       	---       	Black=4      Inaccurate:     	White=1     	Black=2      OK:         	White=17    	Black=12     Best:        	White=3     	Black=3      Strong:       	White=2     	---} 1-0

[Event "SixDays GM March 2024"]
[Site "Budapest"]
[Date "2024.03.31"]
[Round "2.2"]
[White "Konyves, Almos"]
[Black "Uskov, Artem"]
[Result "0-1"]
[ECO "E49"]
[WhiteElo "2306"]
[BlackElo "2392"]
[Annotator "RC"]
[PlyCount "96"]
[EventDate "2024.03.26"]
[EventType "tourn"]
[EventCountry "HUN"]
[SourceTitle "playchess.com"]
[Source "ChessBase"]
[SourceQuality "1"]
[TimeControl "5400+30"]

1. d4 Nf6 2. c4 e6 3. Nc3 Bb4 4. e3 O-O 5. Bd3 d5 6. a3 Bxc3+ 7. bxc3 dxc4 8. Bxc4 c5 9. Ne2 Qc7 10. Qd3 e5 11. dxe5 Qxe5 12. f3 Nc6 13. e4 Qe7 14. Qc2 Be6 15. Bxe6 Qxe6 16. O-O h6 17. Ng3 Rad8 18. Be3 b6 19. Rae1 Rfe8 20. f4 Nxe4 21. Bc1 f5 22. Nxe4 fxe4 23. f5 Qf6 24. Rxe4 Rxe4 25. Qxe4 Ne5 26. Bf4 Nf7 27. Bc7 Rc8 28. Bg3 Qxc3 29. Qe6 Rd8 30. f6 Qd4+ 31. Kh1 Qd3 32. Re1 Qg6 33. Bh4 Rd2 34. Qc6 Rd4 35. Bf2 Rf4 36. Re8+ Kh7 37. fxg7 Qb1+ 38. Bg1 Kxg7 39. Qe6 Kh7 40. h3 Rf1 41. Kh2 Qg6 42. Qe2 Qd6+ 43. g3 Qd1 44. Qe4+ Kg7 45. Re7 Rxg1 46. Qe5+ Kg8 47. Qb8+ Nd8 48. Qa8 Rf1 0-1

[Event "SixDays GM March 2024"]
[Site "Budapest"]
[Date "2024.03.31"]
[Round "2.3"]
[White "Pribelszky, Bence"]
[Black "Kaasen, Tor Fredrik"]
[Result "1/2-1/2"]
[ECO "A01"]
[WhiteElo "2354"]
[BlackElo "2449"]
[Annotator "TA"]
[PlyCount "73"]
[EventDate "2024.03.26"]
[EventType "tourn"]
[EventCountry "HUN"]
[SourceTitle "playchess.com"]
[Source "ChessBase"]
[SourceQuality "1"]
[TimeControl "5400+30"]

1. b3 d5 2. Bb2 Bf5 3. Nf3 e6 4. c4 h6 5. g3 Nf6 6. Bg2 Be7 7. O-O O-O 8. d3 c6 9. Nbd2 a5 10. a3 Nbd7 11. Ra2 Bh7 12. Qa1 b5 13. cxb5 cxb5 14. a4 b4 15. Nd4 Rc8 {[%emt 0:03:26] Dodges Nc6} 16. Nb5 Qb6 17. Nf3 Bc5 18. Ne5 Nb8 19. e3 Na6 20. Rc1 Rfd8 21. Bf1 Ne8 22. Nf3 Qb7 23. Ne1 Be7 24. Bd4 Nc5 25. Bxc5 Rxc5 26. Rxc5 Bxc5 27. d4 Be7 {[%emt 0:02:52] The position is equal.} 28. Bd3 Bxd3 29. Nxd3 Rc8 30. Ne1 Nd6 31. Nxd6 Bxd6 32. Rc2 {[%emt 0:00:35] Repels Rc3} Rxc2 33. Nxc2 Qc8 34. Qb2 f6 35. Ne1 Kf7 36. Qc2 Qxc2 37. Nxc2 {[%emt 0:00:02] An uneventful encounter.   Weighted Error Value: White=0.05 (flawless) /Black=0.05 (flawless) .  Inaccurate:     	White=1     	---        OK:         	White=11    	Black=8} 1/2-1/2

[Event "SixDays GM March 2024"]
[Site "Budapest"]
[Date "2024.03.31"]
[Round "2.4"]
[White "Juhasz, Agoston"]
[Black "Orujov, Farid"]
[Result "0-1"]
[ECO "C43"]
[WhiteElo "2406"]
[BlackElo "2266"]
[Annotator "TA"]
[PlyCount "120"]
[EventDate "2024.03.26"]
[EventType "tourn"]
[EventCountry "HUN"]
[SourceTitle "playchess.com"]
[Source "ChessBase"]
[SourceQuality "1"]
[TimeControl "5400+30"]

1. e4 e5 2. Nf3 Nf6 3. d4 Nxe4 4. Bd3 d5 5. Nxe5 Nd7 6. Nc3 Nxe5 7. dxe5 Bb4 8. O-O Nxc3 9. bxc3 Bxc3 10. Rb1 O-O 11. Bxh7+ Kxh7 12. Qd3+ Kg8 13. Qxc3 a5 14. Qg3 Ra6 15. h4 Qd7 16. Rb3 Qf5 17. Rc3 Rg6 18. Qf4 c6 19. Qxf5 Bxf5 20. f3 Re8 21. h5 Rge6 22. g4 Bh7 23. f4 Be4 24. Rf2 b6 25. Re3 g5 26. hxg6 Rxg6 27. g5 Bf5 28. c3 Kg7 29. Rd2 (29. Ree2 $11) 29... Rh8 $15 30. Ba3 Re6 31. Bd6 Rh4 32. Rf2 Re8 (32... Kg6 $17 33. Ref3 Re8) 33. Kf1 (33. e6 $1 $11) 33... Kg6 $17 34. Ke2 Reh8 35. Kd2 Rh1 36. Re1 R1h3 37. Re3 Be4 (37... a4 $17 38. Rfe2 Be6) 38. Rfe2 (38. Bc7 $15) 38... Rh1 $17 39. Re1 R8h2+ 40. R3e2 Rxe2+ 41. Rxe2 Ra1 42. a3 {[%emt 0:01:24] [#]} (42. Ke3 $17) 42... Kf5 $1 $19 43. Bc7 (43. Ke3 $142) 43... Rxa3 $19 (43... Kxf4 $2 44. e6+ (44. Bxb6 Kxe5 45. Bxa5 Ra2+ 46. Ke3 Rxa3 $15) 44... Kf3 45. Re3+ (45. Bxb6 fxe6 46. Rf2+ Kg4 $15) (45. exf7 Ra2+ 46. Kc1 Kxe2 $11) 45... Kf2 46. Bg3+ (46. Bxb6 Ra2+ 47. Kc1 Ra1+ 48. Kb2 Rb1+ 49. Ka2 Rxb6 $11) 46... Kg2 47. e7 (47. exf7 Ra2+ 48. Kc1 Ra1+ 49. Kb2 Rf1 $18) 47... Ra2+ 48. Kc1 $18) 44. Bxb6 a4 $1 (44... Kxf4 45. Rf2+ Kxg5 (45... Kxe5 46. Bd4+ Ke6 47. Rf6+ Kd7 48. Rxf7+ Kd6 49. g6 $11) (45... Bf3 46. Bc7 $11) 46. Rxf7 $11) 45. Bd4 Rb3 (45... Kxf4 46. Rf2+ Bf3 (46... Kxg5 47. Rxf7 Ra2+ 48. Ke3 $11) 47. g6 fxg6 48. Kd3 $11) 46. Re1 a3 (46... Kxf4 47. Rf1+ Bf3 (47... Kxg5 48. Rxf7 Rb2+ 49. Ke3 $15) 48. Ra1 $15) 47. Ra1 (47. e6 $142 Kxe6 (47... fxe6 $2 48. g6 $19) 48. f5+ Kd6 (48... Kxf5 $2 49. Rf1+ Kxg5 50. Rxf7 $19) 49. g6 fxg6 (49... Bxf5 50. gxf7 Rb2+ 51. Ke3 $14) 50. fxg6 Rb2+ (50... Bxg6 $2 51. Rg1 $19) 51. Ke3 Bxg6 (51... c5 $2 52. g7 $19) 52. Rg1) 47... Bb1 $19 ({Weaker is} 47... Kxf4 48. Rf1+ Kxg5 49. Rxf7 $19) 48. Ke3 a2 49. Kd2 Rb2+ 50. Ke3 Rh2 51. Kf3 Rh3+ 52. Kg2 Rd3 53. Kf2 c5 54. Bxc5 Rxc3 55. Bb6 Kxf4 56. g6 fxg6 (56... Bxg6 $2 57. Rxa2 Rc4 (57... Kxe5 58. Ra5 $19) 58. Be3+ Kxe5 59. Bh6 $19) 57. e6 Rc2+ 58. Kf1 Rc6 59. e7 Re6 $1 (59... Rxb6 $2 {loses.} 60. e8=Q $18 (60. e8=R Bd3+ 61. Kg2 Rb2+ 62. Kg1 Rb1+ 63. Re1 Rxe1+ 64. Rxe1 Bb1 65. Rf1+ Kg3 66. Rf2 a1=Q 67. Rg2+ Kf4 68. Kh2 Qe5 69. Kg1 Bd3 70. Kh2 Be4 71. Kg1 Bxg2 72. Kxg2 Qe2+ 73. Kh3 d4 74. Kh4 Qh5#)) 60. Bc5 Kf3 0-1

[Event "SixDays GM March 2024"]
[Site "Budapest"]
[Date "2024.03.31"]
[Round "2.5"]
[White "Mihok, Oliver"]
[Black "Grover, Sahaj"]
[Result "1/2-1/2"]
[ECO "C79"]
[WhiteElo "2549"]
[BlackElo "2514"]
[Annotator "TA"]
[PlyCount "83"]
[EventDate "2024.03.26"]
[EventType "tourn"]
[EventCountry "HUN"]
[SourceTitle "playchess.com"]
[Source "ChessBase"]
[SourceQuality "1"]
[TimeControl "5400+30"]

1. e4 e5 2. Nf3 Nc6 3. Bb5 a6 4. Ba4 Nf6 5. O-O d6 6. d4 b5 7. dxe5 dxe5 8. Qxd8+ Nxd8 9. Bb3 Nd7 10. a4 b4 11. a5 f6 12. Nbd2 Nc5 13. Bd5 Bb7 14. Re1 Bxd5 15. exd5 Ndb7 16. Nd4 O-O-O 17. Nc6 Rxd5 18. Nxb4 Rd4 19. c3 Rd7 20. Nc4 Nd6 (20... Nb3 $5 21. Ra3 Bxb4 22. cxb4 Rd3 $16) 21. Nxd6+ Bxd6 22. Be3 Kb7 23. Red1 {[%emt 0:07:31] [#] Threatens to win with Bxc5.} Rhd8 24. Kf1 f5 25. Bg5 Re8 26. Be3 ({White should try} 26. f3 $15) 26... Ne6 (26... Nb3 $17 27. Ra4 f4) 27. f3 $15 Rf7 28. Rd5 e4 29. fxe4 fxe4+ 30. Ke2 Bxh2 31. Rh1 Nf4+ 32. Bxf4 Bxf4 33. Rxh7 Bg3 ({Black should play} 33... Re6 $1 $15 34. g4 Rg6) 34. Rg5 $1 $11 {[%emt 0:01:23][%csl LRg3,LRg7] The position is equal.} Rf2+ 35. Ke3 Rxg2 {[%emt 0:02:01] [#] ...Bf2+ would now be deadly.} 36. Rhxg7 Bf2+ 37. Ke2 Rh2 38. Rg2 Rxg2 39. Rxg2 Ba7 40. Rg4 Re5 41. Nc2 Rxa5 42. Rxe4 {[%emt 0:00:06] Weighted Error Value: White=0.07 (flawless) /Black=0.10 (very precise) .  Mistake:       	White=1     	Black=2      Inaccurate:     	White=3     	Black=1      OK:         	White=12    	Black=20     Best:        	White=7     	Black=1} 1/2-1/2

[Event "SixDays GM March 2024"]
[Site "Budapest"]
[Date "2024.03.31"]
[Round "3.1"]
[White "Grover, Sahaj"]
[Black "Horvath, Adam"]
[Result "1-0"]
[ECO "B41"]
[WhiteElo "2514"]
[BlackElo "2440"]
[Annotator "TA"]
[PlyCount "57"]
[EventDate "2024.03.26"]
[EventType "tourn"]
[EventCountry "HUN"]
[SourceTitle "playchess.com"]
[Source "ChessBase"]
[SourceQuality "1"]
[TimeControl "5400+30"]

1. e4 c5 2. Nf3 e6 3. d4 cxd4 4. Nxd4 a6 5. a3 Qc7 6. Be3 Nf6 7. Nc3 b5 8. f4 Bb7 9. Bd3 Bc5 10. Qd2 (10. e5 $11 Nd5 11. Nxd5 Bxd5 12. Qe2) 10... Qb6 $1 $15 11. Nce2 Nxe4 12. Bxe4 Bxe4 13. b4 Bxd4 (13... Bxg2 $2 14. bxc5 Qb7 15. Rg1 $18) 14. Bxd4 Qc6 15. Ng3 f6 16. O-O-O Bd5 (16... O-O $15) 17. Nh5 (17. Bc5 $5) 17... O-O 18. Qf2 {[%emt 0:00:17] [#]} (18. Rhe1 $11 {keeps the balance.}) 18... Kh8 $2 (18... Bxg2 $2 19. Rhg1 e5 20. Rxg2 $18 (20. fxe5 fxe5 21. Qg3 Rf7 $18)) (18... Rf7 $1 $17 {[%cal Od7d6] Hoping for ...d6!} 19. Rd3 Be4 (19... Bxg2 $2 20. Rg1 $18)) 19. Qg3 $14 Rf7 {[%emt 0:00:04][%cal Od7d6] ...d6! is the strong threat. Black is weak on the dark squares} 20. Nxg7 $1 d6 {[%emt 0:02:52] [#]} (20... Rxg7 21. Bxf6) (20... Be4 $1 $11 21. Rd2 e5 (21... Rxg7 $2 22. Bxf6 Bg6 23. h4 $18) 22. fxe5 Rxg7) 21. Rhe1 $1 $16 {[%emt 0:07:40] White is more active.} (21. Nh5 Nd7 $15) 21... Rxg7 (21... e5 $16 22. Nf5 Be6 (22... exd4 $2 {perishes.} 23. Rxd4 Nd7 24. Ne7 $18) (22... Be4 $2 23. Rxe4 Qxe4 24. Nxd6 $18) 23. Nxd6 Qxd6 24. Bxe5 Qf8) 22. Bxf6 $18 Raa7 23. Qg5 $40 {[%emt 0:01:31][%mdl 128] White is out for blood.} (23. Qh4 $18) 23... Be4 $2 {[%emt 0:01:54][%mdl 8192] A mistake that costs the game.} (23... Kg8 $16 24. Bxg7 Rxg7 25. Qd8+ Kf7) 24. Rxe4 {[%emt 0:03:16] White is clearly winning.} Qxe4 25. Bxg7+ Rxg7 26. Qd8+ Rg8 27. Qf6+ Rg7 28. Rxd6 Nc6 {[%emt 0:00:31] Prevents Rd8+} 29. Rxe6 {Weighted Error Value: White=0.24 (precise) /Black=0.67.  Loses game:     	---       	Black=1      Mistake:       	White=3     	Black=4      Inaccurate:     	White=1     	---        OK:         	White=5     	Black=6      Best:        	White=2     	---        Strong:       	White=2     	Black=1} ({Inferior is} 29. Qxe6 Qxe6 30. Rxe6 Rc7 $11) 1-0